 Dungeon Crawl Stone Soup version 0.30.1-3-gfc49f6343a (webtiles) character file.

Game seed: 1130517952031629948

245 anestheticheart the Vexing (level 6, -2/47 HPs)
             Began as a Gnoll Hexslinger on July 22, 2023.
             Succumbed to a scorpion's poison
             ... on level 4 of the Dungeon.
             The game lasted 00:13:34 (2115 turns).

anestheticheart the Vexing (Gnoll Hexslinger)       Turns: 2115, Time: 00:13:35

Health: -2/47      AC:  4    Str:  9    XL:     6   Next: 10%
Magic:  9/11       EV: 13    Int: 13    God:
Gold:   145        SH:  0    Dex: 14    Spells: 7/11 levels left

rFire   + . .        a - +1 sling
rCold   . . .        (no shield)
rNeg    . . .        p - +1 leather armour {rF+}
rPois   .            (no helmet)
rElec   .            (no cloak)
rCorr   .            (no gloves)
SInv    .            (no boots)
Will    .....        (no amulet)
Stlth   ++           (no ring)
HPRegen 0.27/turn    (no ring)
MPRegen 0.12/turn

%: no passive effects
@: lethally poisoned (-2 -> -15), attractive
A: fangs 1, strong nose, distributed training
a: no special abilities


You were on level 4 of the Dungeon.
You visited 1 branch of the dungeon, and saw 4 of its levels.

You collected 145 gold pieces.

Inventory:

Hand Weapons
 a - a +1 sling (weapon)
 d - a +0 spear
 o - a +0 vampiric dagger
 t - a +2 dagger of draining
Missiles
 s - 3 javelins
Armour
 c - a +0 robe
 k - a +0 ring mail
 p - a +1 leather armour of fire resistance (worn)
Wands
 n - a wand of light (9)
Scrolls
 b - 3 scrolls of poison
 f - 2 scrolls of identify {unknown}
 g - a scroll of enchant armour {unknown}
 h - 4 scrolls of vulnerability {unknown}
 j - 2 scrolls of teleportation {unknown}
 m - a scroll of silence {unknown}
 q - a scroll of amnesia {unknown}
 r - a scroll of noise {unknown}
Potions
 l - a potion of attraction
 u - a potion of flight {unknown}


   Skills:
 + Level 3.2 Fighting
 + Level 1.9 Short Blades
 + Level 1.9 Long Blades
 + Level 1.9 Axes
 + Level 1.9 Maces & Flails
 + Level 1.9 Polearms
 + Level 1.9 Staves
 + Level 4.9 Ranged Weapons
 + Level 1.9 Throwing
 + Level 1.9 Armour
 + Level 4.9 Dodging
 + Level 1.9 Stealth
 + Level 1.9 Shields
 + Level 1.9 Unarmed Combat
 + Level 3.4 Spellcasting
 + Level 1.5 Conjurations
 + Level 5.6 Hexes
 + Level 1.5 Summonings
 + Level 1.5 Necromancy
 + Level 1.5 Translocations
 + Level 1.5 Transmutations
 + Level 1.5 Fire Magic
 + Level 1.5 Ice Magic
 + Level 1.5 Air Magic
 + Level 1.5 Earth Magic
 + Level 1.5 Poison Magic
 + Level 2.1 Invocations
 + Level 1.9 Evocations


You had 7 spell levels left.
You knew the following spells:

 Your Spells              Type           Power      Damage    Failure   Level
a - Slow                  Hex            64%        N/A       3%          1
b - Portal Projectile     Hex/Tloc       22%        N/A       21%         3

Your spell library contained the following spells:

 Spells                   Type           Power      Damage    Failure   Level
 Inner Flame              Hex/Fire       11%        N/A       21%         3
 Cause Fear               Hex            8%         N/A       28%         4


Dungeon Overview and Level Annotations

Branches:
Dungeon (4/15)
 Temple: D:4-7

Altars:
Dithmenos
Yredelemnul

Annotations:
D:1 2 transporters
D:3 2 transporters, rozman's ghost, amateur OpTm


Innate Abilities, Weirdness & Mutations

You have very sharp teeth.
Your uncanny sense of smell can sniff out nearby items.
Your experience applies equally to all skills.


Message History

You are too injured to fight recklessly!
You shoot a sling bullet.
The sling bullet barely misses the scorpion.
The scorpion stings you.
You shoot a sling bullet. The sling bullet hits the scorpion.
The scorpion is almost dead.
The scorpion misses you.
You shoot a sling bullet.
The sling bullet hits the scorpion but does no damage.
The scorpion is almost dead.
The scorpion stings you.
You shoot a sling bullet.
The sling bullet barely misses the scorpion.
The scorpion is no longer moving slowly.
The scorpion stings you.
* * * LOW HITPOINT WARNING * * *
You shoot a sling bullet.
The sling bullet barely misses the scorpion.
The scorpion stings you.
* * * LOW HITPOINT WARNING * * *
You shoot a sling bullet.
The sling bullet hits the scorpion but does no damage.
The scorpion is almost dead.
The scorpion stings you.
* * * LOW HITPOINT WARNING * * *
It was a potion of attraction.
You feel attractive to monsters. The scorpion stings you.
* * * LOW HITPOINT WARNING * * *
You are lethally poisoned!
The scorpion poisons you! The scorpion stings you.
* * * LOW HITPOINT WARNING * * *
It was a potion of curing.
You feel better. The scorpion stings you.
* * * LOW HITPOINT WARNING * * *
You are lethally poisoned!
The scorpion poisons you!
It was a potion of cancellation.
Your magical effects are unravelling.
You feel magically purged.
You die...

#..## ..... ..#..
#.## #.......
##.###.........
##.............
#.............
#..(#>........
##..#..........
#..#..........#
#@............##
#.s............#
#..............#
#...............
#...............
##...............
##...##........#
##..####........#
#.#####....#.....#


You could see a scorpion.

Vanquished Creatures
  An ogre (D:4)
  2 jellies (D:4)
  An adder (D:3)
  2 worms (D:2)
  4 dart slugs
  4 orcs (D:4)
  4 bats
  6 endoplasms
  3 giant cockroaches
  15 goblins
  4 hobgoblins
  4 jackals (D:3)
  4 kobolds
  3 quokkas
  7 ball pythons
  3 frilled lizards
  4 rats
71 creatures vanquished.

Notes
Turn   | Place    | Note
-------+----------+-------------------------------------------
     0 | D:1      | anestheticheart the Gnoll Hexslinger began the quest for
                  | the Orb.
     0 | D:1      | Reached XP level 1. HP: 17/17 MP: 4/4
    21 | D:1      | Found a faded altar of an unknown god.
   106 | D:1      | Reached XP level 2. HP: 22/23 MP: 5/5
   490 | D:1      | Reached XP level 3. HP: 28/28 MP: 7/7
   691 | D:2      | Learned a level 3 spell: Portal Projectile
   775 | D:2      | Reached skill level 1 in Invocations
   953 | D:2      | Reached skill level 1 in Short Blades
   953 | D:2      | Reached skill level 1 in Long Blades
   953 | D:2      | Reached skill level 1 in Axes
   953 | D:2      | Reached skill level 1 in Maces & Flails
   953 | D:2      | Reached skill level 1 in Polearms
   953 | D:2      | Reached skill level 1 in Staves
   953 | D:2      | Reached skill level 1 in Throwing
   953 | D:2      | Reached skill level 1 in Armour
   953 | D:2      | Reached skill level 1 in Stealth
   953 | D:2      | Reached skill level 1 in Shields
   953 | D:2      | Reached skill level 1 in Unarmed Combat
   953 | D:2      | Reached skill level 1 in Evocations
  1038 | D:2      | Reached XP level 4. HP: 34/34 MP: 8/8
  1259 | D:3      | Found a transporter.
  1265 | D:3      | Found a transporter.
  1267 | D:3      | Noticed rozman's ghost (amateur OpTm)
  1615 | D:3      | Reached skill level 1 in Conjurations
  1615 | D:3      | Reached skill level 1 in Summonings
  1615 | D:3      | Reached skill level 1 in Necromancy
  1615 | D:3      | Reached skill level 1 in Translocations
  1615 | D:3      | Reached skill level 1 in Transmutations
  1615 | D:3      | Reached skill level 1 in Fire Magic
  1615 | D:3      | Reached skill level 1 in Ice Magic
  1615 | D:3      | Reached skill level 1 in Air Magic
  1615 | D:3      | Reached skill level 1 in Earth Magic
  1615 | D:3      | Reached skill level 1 in Poison Magic
  1636 | D:3      | Found a shadowy altar of Dithmenos.
  1641 | D:3      | Found a basalt altar of Yredelemnul.
  1853 | D:4      | Reached XP level 5. HP: 40/40 MP: 9/9
  1910 | D:4      | Noticed an ogre
  1924 | D:4      | Killed an ogre
  1925 | D:4      | Reached XP level 6. HP: 39/47 MP: 9/11
  2114 | D:4      | HP: 2/47 [scorpion (6)]
  2115 | D:4      | Succumbed to a scorpion's poison

Illustrated notes

Levels and vault maps discovered:
D:1:      spicycebolla_arrival_transporter_tutorial, layout_rooms,
          basic_ecumenical_altar, nicolae_eternal_life
D:2:      layout_basic
D:3:      layout_rooms, nicolae_overflow_squiral, gammafunk_ghost_mausoleum,
          grunt_ministairs_7
D:4:      layout_layer_cave, nicolae_qazlal_scattered_showers,
          lemuel_temple_firewalk_b

Skill      XL: |  1  2  3  4  5 |
---------------+----------------+-----
Invocations    | 1 2 |  2.1
Short Blades   | 1 |  1.9
Long Blades    | 1 |  1.9
Axes           | 1 |  1.9
Maces & Flails | 1 |  1.9
Polearms       | 1 |  1.9
Staves         | 1 |  1.9
Throwing       | 1 |  1.9
Armour         | 1 |  1.9
Stealth        | 1 |  1.9
Shields        | 1 |  1.9
Unarmed Combat | 1 |  1.9
Evocations     | 1 |  1.9
Spellcasting   | 3 |  3.4
Conjurations   | 1 |  1.5
Summonings     | 1 |  1.5
Necromancy     | 1 |  1.5
Translocations | 1 |  1.5
Transmutations | 1 |  1.5
Fire Magic     | 1 |  1.5
Ice Magic      | 1 |  1.5
Air Magic      | 1 |  1.5
Earth Magic    | 1 |  1.5
Poison Magic   | 1 |  1.5
Fighting       | 3 |  3.2
Ranged Weapons | |  4.9
Dodging        | |  4.9
Hexes          | |  5.6

Action                     |  1- 3 |  4- 6 || total
---------------------------+-------+-------++-------
   Fire: Sling             |   118 |   142 ||   260
   Cast: Slow              |    14 |     9 ||    23
    Use: Potion            |       |     3 ||     3
 Armour: Robe              |     1 |       ||     1
         Leather armour    |       |    15 ||    15
  Dodge: Dodged            |    22 |    56 ||    78
